General information
- name: BNet
- type: Ladder team game (AT/RT)
- host: Battle.net
- saver: ForgotISearched
map: Deadlands
- players: 8
- length: 32:01
- speed: Fast
- version: 1.28 W3XP
- replay type: Public
» download(288 KB)
Players
team 1 (loser)
Dravenkaze (
pink | 28 APM | 881 actions | 32:00)
5 Demon Hunter
2 Immolation
2 Evasion
1 Mana Burn
4 Priestess of the Moon
2 Trueshot Aura
2 Searing Arrows
» actions
| Basic commands | 14 | |
| Build / train | 66 | |
| Enter build submenu | 19 | |
| Enter hero's abilities submenu | 9 | |
| Give item / drop item | 4 | |
| Right click | 359 | |
| Select / deselect | 360 | |
| Use ability | 50 | |
881 total
» units
| Wisp | 20 | |
| Chimaera | 11 | |
| Hippogryph | 7 | |
38 total
» upgrades
| Strength of the Wild | 3 | |
| Reinforced Hides | 2 | |
| Corrosive Breath | 1 | |
6 total
» buildings
| Altar of Elders | 1 | |
| Moon Well | 7 | |
| Tree of Ages | 1 | |
| Hunter's Hall | 1 | |
| Tree of Eternity | 1 | |
| Ancient of Wind | 1 | |
| Chimaera Roost | 2 | |
| Ancient of Wonders | 1 | |
| Tree of Life | 5 | |
20 total
» build order
00:07 Altar of Elders
00:10 Moon Well
01:09 Moon Well
01:55 Tree of Ages
02:17 Hunter's Hall
02:36 Moon Well
03:17 Moon Well
03:43 Moon Well
04:17 Tree of Eternity
05:44 Ancient of Wind
06:50 Chimaera Roost
07:06 Chimaera Roost
07:28 Ancient of Wonders
08:31 Moon Well
09:17 Moon Well
10:56 Tree of Life
20:40 Tree of Life
21:15 Tree of Life
28:35 Tree of Life
30:29 Tree of Life
» items
| Orb of Venom | 1 | |
| Potion of Healing | 1 | |
| Scroll of Town Portal | 6 | |
| Scroll of Healing | 1 | |
9 total
yopyopyop (
blue | 44 APM | 1005 actions | 22:38)
4 Crypt Lord
2 Carrion Beetles
1 Spiked Carapace
1 Impale
1 Death Knight
1 Death Coil
» actions
| Build / train | 75 | |
| Enter build submenu | 34 | |
| Enter hero's abilities submenu | 5 | |
| Remove unit from queue | 1 | |
| Right click | 538 | |
| Select / deselect | 311 | |
| Use ability | 41 | |
1005 total
» units
| Acolyte | 14 | |
| Ghoul | 5 | |
| Crypt Fiend | 15 | |
| Draenei Darkslayer | 1 | |
| Draenei Disciple | 1 | |
| Voidwalker | 1 | |
| Frost Wyrm | 2 | |
39 total
» upgrades
| Creature Carapace | 3 | |
| Creature Attack | 2 | |
| Unholy Strength | 1 | |
| Unholy Armor | 1 | |
| Web | 1 | |
| Ghoul Frenzy | 1 | |
| Freezing Breath | 1 | |
10 total
» buildings
| Ziggurat | 19 | |
| Crypt | 1 | |
| Graveyard | 1 | |
| Altar of Darkness | 1 | |
| Halls of the Dead | 2 | |
| Tomb of Relics | 2 | |
| Nerubian Tower | 3 | |
| Spirit Tower | 10 | |
| Black Citadel | 1 | |
| Sacrificial Pit | 1 | |
| Necropolis | 1 | |
| Boneyard | 3 | |
45 total
» build order
00:10 Ziggurat
00:19 Crypt
00:31 Ziggurat
00:53 Graveyard
01:44 Altar of Darkness
02:00 Ziggurat
03:22 Ziggurat
07:16 Halls of the Dead
07:24 Ziggurat
07:27 Ziggurat
07:31 Ziggurat
07:41 Ziggurat
07:47 Ziggurat
07:54 Tomb of Relics
08:17 Nerubian Tower
08:19 Nerubian Tower
08:22 Spirit Tower
08:31 Spirit Tower
08:35 Nerubian Tower
08:43 Spirit Tower
08:50 Spirit Tower
09:26 Spirit Tower
09:45 Black Citadel
10:41 Sacrificial Pit
13:02 Ziggurat
13:32 Necropolis
13:38 Ziggurat
13:41 Ziggurat
13:43 Ziggurat
14:54 Spirit Tower
14:55 Spirit Tower
14:56 Spirit Tower
14:57 Spirit Tower
15:53 Spirit Tower
16:19 Boneyard
16:26 Halls of the Dead
17:39 Boneyard
17:47 Boneyard
17:52 Ziggurat
18:06 Ziggurat
18:56 Tomb of Relics
19:56 Ziggurat
20:02 Ziggurat
20:07 Ziggurat
20:51 Ziggurat
» items
| Potion of Lesser Invulnerability | 1 | |
| Circlet of Nobility | 1 | |
2 total
carol (
red | 77 APM | 2452 actions | 32:00)
4 Death Knight
2 Death Coil
2 Unholy Aura
» actions
| Assign group hotkey | 24 | |
| Basic commands | 71 | |
| Build / train | 71 | |
| Enter build submenu | 24 | |
| Enter hero's abilities submenu | 4 | |
| Give item / drop item | 9 | |
| Right click | 891 | |
| Select / deselect | 483 | |
| Select group hotkey | 785 | |
| Use ability | 90 | |
2452 total
» units
| Acolyte | 3 | |
| Ghoul | 7 | |
| Crypt Fiend | 6 | |
| Obsidian Statue | 1 | |
| Meatwagon | 1 | |
| Goblin Zeppelin | 1 | |
19 total
» upgrades
| Creature Attack | 3 | |
| Burrow | 1 | |
| Web | 1 | |
| Destroyer Form | 1 | |
| Unholy Strength | 2 | |
| Ghoul Frenzy | 1 | |
9 total
» buildings
| Graveyard | 1 | |
| Crypt | 1 | |
| Altar of Darkness | 1 | |
| Ziggurat | 14 | |
| Tomb of Relics | 1 | |
| Nerubian Tower | 2 | |
| Halls of the Dead | 2 | |
| Sacrificial Pit | 1 | |
| Black Citadel | 3 | |
| Slaughterhouse | 1 | |
| Spirit Tower | 8 | |
35 total
» build order
00:06 Graveyard
00:10 Crypt
00:45 Altar of Darkness
01:01 Ziggurat
01:29 Tomb of Relics
01:55 Nerubian Tower
02:24 Ziggurat
03:19 Nerubian Tower
03:43 Halls of the Dead
03:44 Halls of the Dead
05:10 Ziggurat
05:35 Ziggurat
07:07 Sacrificial Pit
08:15 Black Citadel
08:15 Black Citadel
09:04 Slaughterhouse
10:53 Spirit Tower
10:53 Spirit Tower
10:55 Ziggurat
10:57 Ziggurat
11:00 Ziggurat
11:01 Ziggurat
11:02 Ziggurat
12:32 Spirit Tower
16:12 Ziggurat
16:15 Ziggurat
16:17 Ziggurat
16:20 Ziggurat
16:23 Ziggurat
17:25 Spirit Tower
17:25 Spirit Tower
17:26 Spirit Tower
18:31 Spirit Tower
18:32 Spirit Tower
» items
| Dust of Appearance | 1 | |
| Rod of Necromancy | 2 | |
| Sacrificial Skull | 3 | |
| Potion of Mana | 1 | |
| Potion of Healing | 1 | |
| Staff of Teleportation | 1 | |
| Boots of Speed | 1 | |
| Potion of Lesser Invulnerability | 1 | |
| Potion of Invisibility | 3 | |
| Orb of Corruption | 1 | |
15 total
NACHAPOP (
purple | 44 APM | 1264 actions | 28:27)
5 Mountain King
1 Storm Bolt
3 Bash
1 Avatar
» actions
| Basic commands | 7 | |
| Build / train | 134 | |
| Enter build submenu | 64 | |
| Enter hero's abilities submenu | 5 | |
| Give item / drop item | 3 | |
| Remove unit from queue | 2 | |
| Right click | 524 | |
| Select / deselect | 420 | |
| Use ability | 105 | |
1264 total
» units
| Peasant | 29 | |
| Mortar Team | 4 | |
| Flying Machine | 39 | |
| Frost Wyrm | 1 | |
73 total
» upgrades
| Masonry | 3 | |
| Lumber Harvesting | 2 | |
| Gunpowder | 3 | |
| Plating | 3 | |
| Magic Sentry | 0 | |
| Fragmentation Shards | 1 | |
| Flare | 1 | |
| Flak Cannons | 1 | |
| Flying Machine Bombs | 1 | |
15 total
» buildings
| Altar of Kings | 1 | |
| Farm | 15 | |
| Lumber Mill | 4 | |
| Arcane Vault | 2 | |
| Scout Tower | 28 | |
| Arcane Tower | 2 | |
| Town Hall | 1 | |
| Guard Tower | 20 | |
| Keep | 1 | |
| Blacksmith | 1 | |
| Castle | 1 | |
| Workshop | 5 | |
| Arcane Sanctum | 1 | |
| Spirit Tower | 1 | |
83 total
» build order
00:09 Altar of Kings
00:13 Farm
00:52 Farm
00:57 Lumber Mill
01:13 Arcane Vault
01:51 Farm
02:16 Scout Tower
02:39 Farm
02:45 Arcane Tower
03:56 Town Hall
04:05 Scout Tower
04:13 Scout Tower
04:15 Scout Tower
04:17 Scout Tower
04:21 Scout Tower
04:29 Scout Tower
04:32 Scout Tower
04:34 Scout Tower
04:35 Guard Tower
04:37 Farm
04:45 Guard Tower
04:45 Guard Tower
04:52 Guard Tower
05:03 Guard Tower
05:09 Arcane Tower
05:19 Guard Tower
05:37 Guard Tower
05:41 Lumber Mill
06:04 Keep
06:07 Arcane Vault
06:13 Scout Tower
06:16 Farm
06:19 Farm
06:22 Scout Tower
06:35 Scout Tower
06:39 Scout Tower
06:42 Scout Tower
06:47 Guard Tower
06:49 Guard Tower
07:00 Scout Tower
07:04 Guard Tower
07:07 Scout Tower
07:18 Guard Tower
07:32 Blacksmith
07:36 Guard Tower
07:37 Guard Tower
07:45 Guard Tower
07:45 Guard Tower
08:20 Scout Tower
08:51 Castle
08:54 Guard Tower
08:57 Scout Tower
09:12 Workshop
09:21 Workshop
09:39 Arcane Sanctum
09:55 Lumber Mill
10:04 Guard Tower
10:34 Workshop
11:11 Workshop
11:41 Workshop
14:21 Farm
14:23 Farm
14:24 Farm
14:26 Farm
15:15 Lumber Mill
15:35 Farm
15:38 Farm
15:49 Farm
17:05 Scout Tower
17:08 Scout Tower
17:09 Scout Tower
17:43 Guard Tower
17:47 Farm
17:50 Scout Tower
17:54 Scout Tower
20:04 Guard Tower
23:22 Scout Tower
23:24 Scout Tower
23:25 Scout Tower
23:29 Scout Tower
23:32 Scout Tower
24:23 Guard Tower
25:37 Spirit Tower
» items
| Scroll of Regeneration | 1 | |
| Lesser Clarity Potion | 1 | |
| Staff of Teleportation | 1 | |
| Boots of Speed | 1 | |
| Orb of Fire | 2 | |
| Potion of Healing | 1 | |
| Potion of Mana | 2 | |
| Scroll of Town Portal | 2 | |
11 total
team 2 (winner)
ForgotISearched (
orange | 54 APM | 1741 actions | 32:01)
4 Paladin
2 Divine Shield
2 Holy Light
» actions
| Assign group hotkey | 72 | |
| Basic commands | 146 | |
| Build / train | 96 | |
| Enter build submenu | 52 | |
| Enter hero's abilities submenu | 4 | |
| Give item / drop item | 1 | |
| Remove unit from queue | 3 | |
| Right click | 614 | |
| Select / deselect | 437 | |
| Select group hotkey | 236 | |
| Use ability | 80 | |
1741 total
» units
| Peasant | 11 | |
| Goblin Shredder | 1 | |
| Goblin Zeppelin | 3 | |
| Flying Machine | 32 | |
| Siege Engine | 2 | |
49 total
» upgrades
| Masonry | 3 | |
| Gunpowder | 3 | |
| Plating | 3 | |
| Flak Cannons | 1 | |
| Flying Machine Bombs | 1 | |
| Barrage | 1 | |
12 total
» buildings
| Lumber Mill | 1 | |
| Scout Tower | 38 | |
| Arcane Tower | 1 | |
| Farm | 8 | |
| Guard Tower | 11 | |
| Keep | 1 | |
| Blacksmith | 1 | |
| Altar of Kings | 1 | |
| Workshop | 3 | |
| Cannon Tower | 5 | |
| Castle | 1 | |
| Town Hall | 2 | |
| Arcane Vault | 1 | |
74 total
» build order
03:35 Lumber Mill
03:40 Scout Tower
03:54 Scout Tower
03:56 Scout Tower
04:00 Scout Tower
04:10 Arcane Tower
04:15 Scout Tower
04:41 Farm
04:44 Farm
04:52 Guard Tower
05:19 Guard Tower
05:35 Keep
05:43 Guard Tower
06:31 Blacksmith
06:56 Altar of Kings
07:57 Workshop
09:00 Scout Tower
09:01 Scout Tower
09:02 Scout Tower
09:03 Scout Tower
09:12 Scout Tower
09:14 Scout Tower
09:18 Scout Tower
09:19 Scout Tower
09:25 Scout Tower
09:26 Scout Tower
09:28 Scout Tower
09:30 Scout Tower
10:07 Cannon Tower
10:10 Guard Tower
10:28 Guard Tower
10:29 Guard Tower
10:32 Scout Tower
10:34 Scout Tower
10:38 Scout Tower
10:40 Guard Tower
10:58 Scout Tower
11:00 Cannon Tower
11:03 Cannon Tower
11:05 Guard Tower
11:08 Cannon Tower
11:23 Scout Tower
11:24 Scout Tower
11:26 Scout Tower
11:33 Scout Tower
11:38 Scout Tower
11:42 Scout Tower
11:54 Cannon Tower
11:54 Cannon Tower
12:00 Guard Tower
12:42 Castle
13:05 Workshop
13:12 Workshop
13:15 Farm
13:43 Farm
13:46 Farm
13:46 Farm
13:53 Farm
18:18 Farm
24:36 Town Hall
24:41 Scout Tower
24:43 Scout Tower
24:45 Scout Tower
24:45 Scout Tower
25:19 Guard Tower
28:11 Town Hall
28:17 Scout Tower
28:18 Scout Tower
28:20 Scout Tower
28:20 Scout Tower
28:22 Scout Tower
28:23 Scout Tower
28:25 Arcane Vault
28:28 Scout Tower
29:59 Guard Tower
» items
| Staff of Teleportation | 1 | |
| Orb of Corruption | 1 | |
| Scroll of Town Portal | 1 | |
| Potion of Healing | 2 | |
| Potion of Mana | 2 | |
| Boots of Speed | 1 | |
8 total
NejKrasNejSi (
yellow | 43 APM | 1379 actions | 32:00)
6 Mountain King
3 Storm Bolt
2 Bash
1 Avatar
6 Paladin
3 Holy Light
2 Divine Shield
1 Resurrection
» actions
| Assign group hotkey | 14 | |
| Build / train | 93 | |
| Enter build submenu | 24 | |
| Enter hero's abilities submenu | 12 | |
| Give item / drop item | 5 | |
| Right click | 841 | |
| Select / deselect | 306 | |
| Select group hotkey | 13 | |
| Use ability | 71 | |
1379 total
» units
| Peasant | 16 | |
| Footman | 4 | |
| Gryphon Rider | 26 | |
46 total
» upgrades
| Masonry | 3 | |
| Lumber Harvesting | 1 | |
| Swords | 3 | |
| Animal War Training | 1 | |
| Armor | 3 | |
| Storm Hammers | 1 | |
12 total
» buildings
| Lumber Mill | 1 | |
| Altar of Kings | 1 | |
| Farm | 13 | |
| Barracks | 1 | |
| Arcane Vault | 1 | |
| Keep | 2 | |
| Town Hall | 2 | |
| Scout Tower | 5 | |
| Guard Tower | 4 | |
| Castle | 1 | |
| Arcane Tower | 1 | |
| Gryphon Aviary | 3 | |
| Blacksmith | 1 | |
36 total
» build order
00:14 Lumber Mill
00:33 Altar of Kings
00:38 Farm
01:06 Barracks
01:16 Farm
01:47 Farm
02:15 Arcane Vault
03:53 Keep
03:53 Keep
04:58 Town Hall
05:07 Scout Tower
05:13 Scout Tower
05:20 Scout Tower
05:27 Scout Tower
05:35 Guard Tower
05:39 Guard Tower
05:47 Guard Tower
05:56 Guard Tower
06:00 Scout Tower
06:21 Castle
06:37 Arcane Tower
07:02 Gryphon Aviary
07:06 Gryphon Aviary
07:16 Gryphon Aviary
08:21 Farm
08:21 Farm
08:27 Farm
08:28 Farm
08:43 Farm
09:30 Blacksmith
11:23 Farm
11:25 Farm
13:44 Farm
13:44 Farm
15:42 Farm
31:53 Town Hall
» items
| Scroll of Regeneration | 5 | |
| Potion of Healing | 2 | |
| Orb of Fire | 2 | |
| Scroll of Town Portal | 4 | |
13 total

»
Hymen (
teal | 62 APM | 1989 actions | 32:00)
6 Death Knight
3 Death Coil
2 Unholy Aura
1 Animate Dead
» actions
| Assign group hotkey | 28 | |
| Basic commands | 1 | |
| Build / train | 71 | |
| Enter build submenu | 21 | |
| Enter hero's abilities submenu | 7 | |
| Give item / drop item | 1 | |
| Remove unit from queue | 2 | |
| Right click | 1031 | |
| Select / deselect | 269 | |
| Select group hotkey | 498 | |
| Use ability | 60 | |
1989 total
» units
| Acolyte | 12 | |
| Ghoul | 3 | |
| Crypt Fiend | 15 | |
| Frost Wyrm | 4 | |
34 total
» upgrades
| Creature Attack | 3 | |
| Creature Carapace | 3 | |
| Web | 1 | |
| Burrow | 1 | |
| Unholy Armor | 0 | |
| Freezing Breath | 1 | |
9 total
» buildings
| Crypt | 1 | |
| Ziggurat | 9 | |
| Graveyard | 2 | |
| Altar of Darkness | 1 | |
| Tomb of Relics | 1 | |
| Spirit Tower | 6 | |
| Nerubian Tower | 1 | |
| Halls of the Dead | 2 | |
| Necropolis | 2 | |
| Black Citadel | 1 | |
| Sacrificial Pit | 1 | |
| Boneyard | 3 | |
30 total
» build order
00:13 Crypt
00:18 Ziggurat
00:44 Graveyard
01:11 Altar of Darkness
01:47 Tomb of Relics
02:29 Ziggurat
02:56 Ziggurat
03:28 Spirit Tower
04:16 Spirit Tower
04:24 Nerubian Tower
06:34 Ziggurat
06:35 Ziggurat
07:29 Halls of the Dead
07:35 Spirit Tower
08:38 Spirit Tower
13:36 Ziggurat
13:38 Ziggurat
14:59 Spirit Tower
15:02 Ziggurat
15:05 Ziggurat
15:08 Necropolis
15:24 Black Citadel
16:21 Spirit Tower
17:37 Necropolis
19:36 Black Citadel
19:39 Sacrificial Pit
20:35 Graveyard
22:07 Boneyard
22:08 Boneyard
22:08 Boneyard
30:29 Halls of the Dead
» items
| Staff of Sanctuary | 1 | |
| Lesser Clarity Potion | 3 | |
| Scroll of Regeneration | 2 | |
| Scroll of Town Portal | 3 | |
9 total
VityPalencia (
green | 28 APM | 886 actions | 32:00)
7 Dreadlord
2 Sleep
2 Vampiric Aura
2 Carrion Swarm
1 Inferno
6 Death Knight
3 Death Coil
2 Unholy Aura
1 Animate Dead
1 Pit Lord
1 Howl of Terror
» actions
| Build / train | 62 | |
| Enter build submenu | 18 | |
| Enter hero's abilities submenu | 15 | |
| Give item / drop item | 1 | |
| Right click | 500 | |
| Select / deselect | 208 | |
| Use ability | 82 | |
886 total
» units
| Acolyte | 2 | |
| Ghoul | 3 | |
| Crypt Fiend | 4 | |
| Obsidian Statue | 4 | |
| Frost Wyrm | 7 | |
20 total
» upgrades
| Cannibalize | 1 | |
| Creature Attack | 3 | |
| Creature Carapace | 3 | |
| Web | 1 | |
| Burrow | 1 | |
| Destroyer Form | 1 | |
| Freezing Breath | 1 | |
| Unholy Strength | 1 | |
| Unholy Armor | 1 | |
| Stone Form | 1 | |
| Ghoul Frenzy | 1 | |
15 total
» buildings
| Altar of Darkness | 1 | |
| Crypt | 1 | |
| Ziggurat | 8 | |
| Graveyard | 1 | |
| Halls of the Dead | 1 | |
| Tomb of Relics | 1 | |
| Spirit Tower | 3 | |
| Slaughterhouse | 1 | |
| Sacrificial Pit | 1 | |
| Black Citadel | 1 | |
| Boneyard | 2 | |
| Nerubian Tower | 1 | |
| Necropolis | 1 | |
23 total
» build order
00:08 Altar of Darkness
00:12 Crypt
00:22 Ziggurat
01:56 Graveyard
03:11 Halls of the Dead
03:46 Ziggurat
03:52 Tomb of Relics
05:06 Spirit Tower
06:07 Slaughterhouse
06:13 Sacrificial Pit
07:24 Ziggurat
07:29 Black Citadel
08:09 Ziggurat
09:16 Spirit Tower
11:03 Boneyard
11:09 Boneyard
14:57 Ziggurat
15:01 Ziggurat
16:26 Nerubian Tower
17:42 Ziggurat
19:20 Spirit Tower
21:24 Ziggurat
26:17 Necropolis
» items
| Orb of Corruption | 1 | |
| Scroll of Healing | 1 | |
| Scroll of Town Portal | 1 | |
3 total
Chat log
(00:41 / Allies) VityPalencia: hi
(00:42 / All) Dravenkaze: gl hf
(00:51 / All) Hymen: same 2 u
(02:59 / Allies) Hymen: wll
(03:02 / Allies) Hymen: well
(03:06 / Allies) Hymen: check oj´s stats
(03:11 / Allies) Hymen: he wont come back
(03:13 / Allies) Hymen: son of a bitch
(03:54 / Allies) Hymen: wow
(03:55 / Allies) Hymen: hes back
(04:05 / Allies) Hymen: and does tower
(05:30 / Allies) VityPalencia: do army
(05:44 / Allies) VityPalencia: or i leave
(05:49 / Allies) ForgotISearched: techin'
(06:11 / Allies) Hymen: u have no army too green
(06:40 / Allies) VityPalencia: but orange dont have heroe
(09:22 / Allies) Hymen: wthat the
(09:38 / Allies) Hymen: why?
(10:33 / Allies) Hymen: i cant see the sense behind it oj
(10:38 / Allies) Hymen: but maybe ill get surprised
(11:07 / All) Dravenkaze: lol cool
(13:20 / Allies) ForgotISearched: gold for gyro
(14:35 / Allies) ForgotISearched: tp out
(14:36 / Allies) ForgotISearched: both
(14:42 / Allies) ForgotISearched: tp out
(16:04 / Allies) ForgotISearched: flak halfway done
(16:05 / All) Hymen: jewish bastards
(17:01 / Allies) Hymen: close
(17:45 / Allies) Hymen: meet and go?
(19:02 / Allies) ForgotISearched: run
(19:02 / Allies) ForgotISearched: run
(21:46 / Allies) Hymen: b yell
(21:47 / Allies) Hymen: b yell
(22:55 / All) Dravenkaze: blue doesnt know how make shop
(23:01 / All) Dravenkaze: and red just fucks about noobie
(23:25 / All) ForgotISearched: ya got out gyrod!
(23:40 / All) Dravenkaze: lol
(23:43 / All) Dravenkaze: we was 2
(24:02 / All) ForgotISearched: all I need is myself
(24:05 / All) ForgotISearched: can overcome any odds
(24:46 / All) Dravenkaze: orange red hero behind ur base
(24:48 / All) Dravenkaze: like ur towers
(26:32 / Allies) Hymen: cant believe we won with oj afk fist 10 min
(29:20 / All) ForgotISearched: fun game
(29:28 / All) Dravenkaze: nice towers at start
(29:37 / All) ForgotISearched: got unlucky with chim and mort
(29:44 / All) Dravenkaze: yer
(30:00 / All) Hymen: and the 10 min afk at start thing...
(30:03 / All) Hymen: if u rushed...
(30:18 / All) ForgotISearched: still woulda had to wait for zep
(30:19 / All) Dravenkaze: blue was noob and red raged at him
(31:33 / All) ForgotISearched: bad luck mate
(31:42 / All) Dravenkaze: np u play well
(31:48 / All) Dravenkaze: gg
(31:51 / All) Dravenkaze: green found it
(31:54 / All) Dravenkaze: fuck red